TOP OF THE 1ST |
Galesburg Guzzlers batting - Pitching for York Revolution : RHP Behar Jusufi
|
Pitching: RHP Behar Jusufi
|
|
Batting: RHB Eun-bum Kim
|
0-0: Called Strike 0-1: Ball 1-1: Fly out, F7 (Flyball, 7LM)
|
Batting: RHB Mike Mays
|
0-0: Called Strike 0-1: Ground out 6-3 (Groundball, 6)
|
Batting: LHB Armando Rodríguez
|
0-0: Ball 1-0: Ball 2-0: Ball 3-0: Base on Balls
|
Batting: RHB Toussiant L'Ouverture
|
0-0: Foul Ball, location: 2F 0-1: Ball 1-1: DOUBLE (Line Drive, 89M) Armando Rodríguez to third Runner from 3rd tries for Home, SAFE, no throw
|
Batting: LHB Paolo van Ginderen
|
0-0: Called Strike 0-1: Ball 1-1: Fly out, F8 (Flyball, 8LD)
|
Top of the 1st over - 1 run(s), 1 hit(s), 0 error(s), 1 left on base; Galesburg 1 - York 0 |
BOTTOM OF THE 1ST |
York Revolution batting - Pitching for Galesburg Guzzlers : RHP Nassim El-Badwi
|
Pitching: RHP Nassim El-Badwi
|
|
Batting: SHB Gerardo Dueñas
|
0-0: SINGLE (Flyball, 89S)
|
Batting: RHB Ernesto Deleón
|
0-0: Ball 1-0: Foul Ball, location: 2F 1-1: Ball 2-1: Ball 3-1: Called Strike 3-2: Foul Ball, location: 2F 3-2: Strikes out swinging
|
Batting: RHB Sherwood Lefebvre
|
0-0: Ball 1-0: Called Strike 1-1: Called Strike 1-2: Ball 2-2: DOUBLE (Line Drive, 9LM) Gerardo Dueñas to third
|
Batting: RHB Domingo Bravo
|
0-0: Hit by Pitch
|
Batting: RHB Oscar Gandarilla
|
0-0: Ball 1-0: Called Strike 1-1: Foul Ball, location: 2F 1-2: Foul Ball, location: 2F 1-2: Fly out, F9 (Flyball, 89D) Runner from 3rd tags up, SCORES, no throw
|
Batting: RHB Billy Hess
|
0-0: Swinging Strike 0-1: Ball 1-1: Ball 2-1: Foul Ball, location: 2F 2-2: SINGLE (Groundball, 6MD) Sherwood Lefebvre to third Domingo Bravo to second Runner from 3rd tries for Home, SAFE, throw made home
|
Batting: RHB Obi Jones
|
0-0: Ball 1-0: Foul Ball, location: 2F 1-1: Ball 2-1: Fly out, F4 (Popup, 4)
|
Bottom of the 1st over - 2 run(s), 3 hit(s), 0 error(s), 2 left on base; Galesburg 1 - York 2 |
TOP OF THE 2ND |
Galesburg Guzzlers batting - Pitching for York Revolution : RHP Behar Jusufi
|
Batting: RHB José Díaz
|
0-0: Ball 1-0: Foul Ball, location: 2F 1-1: Foul Ball, location: 2F 1-2: Foul Ball, location: 2F 1-2: Ball 2-2: Strikes out looking
|
Batting: RHB Jack Cantrell
|
0-0: Foul Ball, location: 2F 0-1: SINGLE (Line Drive, 8LS)
|
Batting: RHB Sébastien Bernard
|
0-0: Ball Wild Pitch! Jack Cantrell to second 1-0: Ball 2-0: Ground out 6-3 (Groundball, 6)
|
Batting: LHB Marshall Willis
|
0-0: SINGLE (Groundball, 34D) Jack Cantrell to third Runner from 3rd tries for Home, SAFE, no throw
|
Batting: RHB Eun-bum Kim
|
0-0: Foul Ball, location: 2F 0-1: Ball 1-1: Ball 2-1: Foul Ball, location: 2F 2-2: SINGLE (Line Drive, 6M) Marshall Willis to second
|
Batting: RHB Mike Mays
|
0-0: Ball 1-0: Called Strike 1-1: Fly out, F7 (Flyball, 7)
|
Top of the 2nd over - 1 run(s), 3 hit(s), 0 error(s), 2 left on base; Galesburg 2 - York 2 |
BOTTOM OF THE 2ND |
York Revolution batting - Pitching for Galesburg Guzzlers : RHP Nassim El-Badwi
|
Batting: RHB Terry Cheadle
|
0-0: Ground out 5-3 (Groundball, 56)
|
Batting: RHB Jorge Barrón
|
0-0: Ball 1-0: Ball 2-0: Ball 3-0: Called Strike 3-1: Foul Ball, location: 2F 3-2: Foul Ball, location: 2F 3-2: Ground out 6-3 (Groundball, 6)
|
Batting: SHB Gerardo Dueñas
|
0-0: Foul Ball, location: 2F 0-1: Ball 1-1: Ball 2-1: SINGLE (Groundball, 25) (infield hit)
|
Batting: RHB Ernesto Deleón
|
0-0: Ball 1-0: Called Strike Gerardo Dueñas steals 2nd base 1-1: Ball 2-1: Fly out, F9 (Line Drive, 9S)
|
Bottom of the 2nd over - 0 run(s), 1 hit(s), 0 error(s), 1 left on base; Galesburg 2 - York 2 |
TOP OF THE 3RD |
Galesburg Guzzlers batting - Pitching for York Revolution : RHP Behar Jusufi
|
Batting: LHB Armando Rodríguez
|
0-0: SINGLE (Flyball, 7S)
|
Batting: RHB Toussiant L'Ouverture
|
0-0: Ball 1-0: Ground out 5-3 (Groundball, 56S) Armando Rodríguez to second
|
Batting: LHB Paolo van Ginderen
|
0-0: Ball 1-0: Ball 2-0: SINGLE (Flyball, 7LS) Armando Rodríguez to third
|
Batting: RHB José Díaz
|
0-0: Ball 1-0: Called Strike 1-1: Swinging Strike 1-2: Ball 2-2: Foul Ball, location: 2F 2-2: Foul Ball, location: 2F 2-2: Strikes out swinging
|
Batting: RHB Jack Cantrell
|
0-0: Foul Ball, location: 2F 0-1: Called Strike 0-2: Ball 1-2: Ball 2-2: Foul Ball, location: 2F 2-2: Ball 3-2: Ground out 6-3 (Groundball, 6)
|
Top of the 3rd over - 0 run(s), 2 hit(s), 0 error(s), 2 left on base; Galesburg 2 - York 2 |
BOTTOM OF THE 3RD |
York Revolution batting - Pitching for Galesburg Guzzlers : RHP Nassim El-Badwi
|
Batting: RHB Sherwood Lefebvre
|
0-0: Swinging Strike 0-1: Ground out 6-3 (Groundball, 56)
|
Batting: RHB Domingo Bravo
|
0-0: Called Strike 0-1: Ball 1-1: Fly out, F5 (Popup, 5)
|
Batting: RHB Oscar Gandarilla
|
0-0: Ground out 6-3 (Groundball, 6)
|
Bottom of the 3rd over - 0 run(s), 0 hit(s), 0 error(s), 0 left on base; Galesburg 2 - York 2 |
TOP OF THE 4TH |
Galesburg Guzzlers batting - Pitching for York Revolution : RHP Behar Jusufi
|
Batting: RHB Sébastien Bernard
|
0-0: Ball 1-0: Ball 2-0: DOUBLE (Flyball, 78D)
|
Batting: LHB Marshall Willis
|
0-0: Ball 1-0: Ball 2-0: Called Strike 2-1: Fly out, F8 (Line Drive, 78M)
|
Batting: RHB Eun-bum Kim
|
0-0: Called Strike 0-1: Foul Ball, location: 2F 0-2: Ball 1-2: SINGLE (Groundball, 56D) Sébastien Bernard to third Runner from 3rd tries for Home, SAFE, no throw
|
Pitching: RHP Matthew Lydick
|
|
Batting: RHB Mike Mays
|
0-0: Ball 1-0: Called Strike 1-1: Ball 2-1: Hit by Pitch Eun-bum Kim to second
|
Batting: LHB Armando Rodríguez
|
0-0: Ball 1-0: SINGLE (Groundball, 56D) Eun-bum Kim to third Mike Mays to second Runner from 3rd tries for Home, SAFE, no throw
|
Batting: RHB Toussiant L'Ouverture
|
0-0: Called Strike 0-1: Foul Ball, location: 2F 0-2: Grounds into double play, 5-4-3 (Groundball, 56)
|
Top of the 4th over - 2 run(s), 3 hit(s), 0 error(s), 1 left on base; Galesburg 4 - York 2 |
BOTTOM OF THE 4TH |
York Revolution batting - Pitching for Galesburg Guzzlers : RHP Nassim El-Badwi
|
Batting: RHB Billy Hess
|
0-0: Called Strike 0-1: Foul Ball, location: 2F 0-2: Ball 1-2: Ball 2-2: Fly out, F7 (Flyball, 7)
|
Batting: RHB Obi Jones
|
0-0: Called Strike 0-1: Ball 1-1: Ball 2-1: Called Strike 2-2: Foul Ball, location: 2F 2-2: SINGLE (Groundball, 56D)
|
Batting: RHB Terry Cheadle
|
0-0: Ball 1-0: Foul Ball, location: 2F 1-1: Swinging Strike 1-2: Strikes out swinging
|
Batting: RHB Jorge Barrón
|
0-0: Called Strike 0-1: Ball 1-1: Fly out, F8 (Flyball, 8RM)
|
Bottom of the 4th over - 0 run(s), 1 hit(s), 0 error(s), 1 left on base; Galesburg 4 - York 2 |
TOP OF THE 5TH |
Galesburg Guzzlers batting - Pitching for York Revolution : RHP Matthew Lydick
|
Batting: LHB Paolo van Ginderen
|
0-0: Ball 1-0: Ball 2-0: Called Strike 2-1: SINGLE (Groundball, 3D)
|
Batting: RHB José Díaz
|
0-0: Bunted foul 0-1: Ball 1-1: Bunted foul 1-2: Ball 2-2: SINGLE (Groundball, 56) (infield hit) Paolo van Ginderen to second
|
Batting: RHB Jack Cantrell
|
0-0: Called Strike 0-1: Sac Bunt - play at first, batter OUT! 1-3 Paolo van Ginderen to third José Díaz to second
|
Batting: RHB Sébastien Bernard
|
0-0: Foul Ball, location: 2F 0-1: Ball 1-1: Ball 2-1: SINGLE (Flyball, 8RS) Paolo van Ginderen scores José Díaz to third Runner from 3rd tries for Home, SAFE, no throw
|
Batting: LHB Marshall Willis
|
0-0: Ball 1-0: Ball 2-0: Ball 3-0: Called Strike 3-1: SINGLE (Groundball, 56D) Sébastien Bernard to second
|
Batting: RHB Eun-bum Kim
|
0-0: Ball 1-0: DOUBLE (Line Drive, 9LM) Sébastien Bernard scores Marshall Willis to third
|
Pitching: RHP Jaime Puga
|
|
Batting: RHB Mike Mays
|
0-0: Ball 1-0: Ground out 4-3 (Groundball, 4D) Marshall Willis scores Eun-bum Kim to third
|
Batting: LHB Armando Rodríguez
|
0-0: Foul Ball, location: 2F 0-1: Ball 1-1: Called Strike 1-2: Ball 2-2: Ball 3-2: Foul Ball, location: 2F 3-2: SINGLE (Groundball, 56D) Eun-bum Kim scores
|
Batting: RHB Toussiant L'Ouverture
|
0-0: Called Strike 0-1: Foul Ball, location: 2F 0-2: Strikes out swinging
|
Top of the 5th over - 5 run(s), 6 hit(s), 0 error(s), 1 left on base; Galesburg 9 - York 2 |
BOTTOM OF THE 5TH |
York Revolution batting - Pitching for Galesburg Guzzlers : RHP Nassim El-Badwi
|
Batting: SHB Gerardo Dueñas
|
0-0: Called Strike 0-1: Swinging Strike 0-2: Foul Ball, location: 2F 0-2: Strikes out looking
|
Batting: RHB Ernesto Deleón
|
0-0: Ball 1-0: Called Strike 1-1: Fly out, F9 (Flyball, 89M)
|
Batting: RHB Sherwood Lefebvre
|
0-0: Ball 1-0: Foul Ball, location: 2F 1-1: SINGLE (Groundball, 6MD)
|
Batting: RHB Domingo Bravo
|
0-0: Called Strike 0-1: Foul Ball, location: 2F 0-2: Strikes out swinging
|
Bottom of the 5th over - 0 run(s), 1 hit(s), 0 error(s), 1 left on base; Galesburg 9 - York 2 |
TOP OF THE 6TH |
Galesburg Guzzlers batting - Pitching for York Revolution : RHP Jaime Puga
|
Batting: LHB Paolo van Ginderen
|
0-0: Fly out, F8 (Line Drive, 78M)
|
Batting: RHB José Díaz
|
0-0: Ball 1-0: DOUBLE (Line Drive, 9)
|
Batting: RHB Jack Cantrell
|
0-0: Called Strike 0-1: Foul Ball, location: 2F 0-2: Ball 1-2: Ground out 1-3 (Groundball, 13S) José Díaz to third
|
Batting: RHB Sébastien Bernard
|
0-0: Fly out, F5 (Line Drive, 5)
|
Top of the 6th over - 0 run(s), 1 hit(s), 0 error(s), 1 left on base; Galesburg 9 - York 2 |
BOTTOM OF THE 6TH |
York Revolution batting - Pitching for Galesburg Guzzlers : RHP Nassim El-Badwi
|
Batting: RHB Oscar Gandarilla
|
0-0: Ball 1-0: Ball 2-0: Fly out, F4 (Line Drive, 4M)
|
Batting: RHB Billy Hess
|
0-0: Ball 1-0: Called Strike 1-1: Foul Ball, location: 2F 1-2: Strikes out looking
|
Batting: RHB Obi Jones
|
0-0: Called Strike 0-1: Called Strike 0-2: Strikes out swinging
|
Bottom of the 6th over - 0 run(s), 0 hit(s), 0 error(s), 0 left on base; Galesburg 9 - York 2 |
TOP OF THE 7TH |
Galesburg Guzzlers batting - Pitching for York Revolution : RHP Jaime Puga
|
Batting: LHB Marshall Willis
|
0-0: Ground out 3-1 (Groundball, 34)
|
Batting: RHB Eun-bum Kim
|
0-0: Foul Ball, location: 2F 0-1: Ball 1-1: Ball 2-1: Ground out 6-3 (Groundball, 6)
|
Batting: RHB Mike Mays
|
0-0: Ball 1-0: Ball 2-0: Called Strike 2-1: Foul Ball, location: 2F 2-2: Ground out 6-3 (Groundball, 56)
|
Top of the 7th over - 0 run(s), 0 hit(s), 0 error(s), 0 left on base; Galesburg 9 - York 2 |
BOTTOM OF THE 7TH |
York Revolution batting - Pitching for Galesburg Guzzlers : RHP Nassim El-Badwi
|
Batting: RHB Terry Cheadle
|
0-0: Called Strike 0-1: Ground out 5-3 (Groundball, 56S)
|
Batting: RHB Jorge Barrón
|
0-0: Ball 1-0: Called Strike 1-1: Foul Ball, location: 2F 1-2: Foul Ball, location: 2F 1-2: Ball 2-2: Ball 3-2: Strikes out swinging
|
Batting: SHB Gerardo Dueñas
|
0-0: Ball 1-0: Foul Ball, location: 2F 1-1: Ball 2-1: Ball 3-1: Fly out, F9 (Flyball, 9LS)
|
Bottom of the 7th over - 0 run(s), 0 hit(s), 0 error(s), 0 left on base; Galesburg 9 - York 2 |
TOP OF THE 8TH |
Galesburg Guzzlers batting - Pitching for York Revolution : RHP Jaime Puga
|
Batting: LHB Armando Rodríguez
|
0-0: Ball 1-0: Foul Ball, location: 2F 1-1: Ball 2-1: Ball 3-1: Ground out 3-1 (Groundball, 34)
|
Batting: RHB Toussiant L'Ouverture
|
0-0: Ball 1-0: Ball 2-0: Ball 3-0: Called Strike 3-1: Foul Ball, location: 2F 3-2: Base on Balls
|
Batting: LHB Paolo van Ginderen
|
0-0: Foul Ball, location: 2F 0-1: Called Strike 0-2: Ball 1-2: Foul Ball, location: 2F 1-2: Grounds into double play, 4-6-3 (Groundball, 4)
|
Top of the 8th over - 0 run(s), 0 hit(s), 0 error(s), 0 left on base; Galesburg 9 - York 2 |
BOTTOM OF THE 8TH |
York Revolution batting - Pitching for Galesburg Guzzlers : RHP Nassim El-Badwi
|
Now at C: José Vargas
|
|
Now in RF: Robby Amesquita
|
|
Batting: RHB Ernesto Deleón
|
0-0: Ground out 6-3 (Groundball, 6)
|
Batting: RHB Sherwood Lefebvre
|
0-0: Ball 1-0: Called Strike 1-1: Swinging Strike 1-2: Ground out 5-3 (Groundball, 5S)
|
Batting: RHB Domingo Bravo
|
0-0: Ball 1-0: Ball 2-0: Ball 3-0: Base on Balls
|
Pitching: RHP Vicente Escamilla
|
|
Batting: RHB Oscar Gandarilla
|
0-0: Ball 1-0: Called Strike 1-1: Ball 2-1: Swinging Strike 2-2: Fly out, F2 (Popup, 25)
|
Bottom of the 8th over - 0 run(s), 0 hit(s), 0 error(s), 1 left on base; Galesburg 9 - York 2 |
TOP OF THE 9TH |
Galesburg Guzzlers batting - Pitching for York Revolution : RHP Jaime Puga
|
Batting: RHB José Díaz
|
0-0: Ball 1-0: Foul Ball, location: 2F 1-1: Ball 2-1: Called Strike 2-2: Foul Ball, location: 2F 2-2: Strikes out swinging
|
Batting: RHB Jack Cantrell
|
0-0: Ball 1-0: Ball 2-0: Ground out 5-3 (Groundball, 5)
|
Batting: RHB Sébastien Bernard
|
0-0: Called Strike 0-1: Called Strike 0-2: Ball 1-2: Strikes out swinging
|
Top of the 9th over - 0 run(s), 0 hit(s), 0 error(s), 0 left on base; Galesburg 9 - York 2 |
BOTTOM OF THE 9TH |
York Revolution batting - Pitching for Galesburg Guzzlers : RHP Vicente Escamilla
|
Now at 2B: Barrett Drury
|
|
Batting: RHB Billy Hess
|
0-0: Fly out, F9 (Flyball, 9S)
|
Batting: RHB Obi Jones
|
0-0: Called Strike 0-1: Foul Ball, location: 2F 0-2: Ball 1-2: Ball 2-2: Foul Ball, location: 2F 2-2: Ground out 4-3 (Groundball, 4)
|
Batting: RHB Terry Cheadle
|
0-0: Called Strike 0-1: Foul Ball, location: 2F 0-2: Ball 1-2: Strikes out swinging
|
Bottom of the 9th over - 0 run(s), 0 hit(s), 0 error(s), 0 left on base; Galesburg 9 - York 2 |
|